 Dungeon Crawl Stone Soup version 0.29-a0-582-ge82337ba6a (webtiles) character file.

Game seed: 4865635038486917131

79 DocClef the Skirmisher (level 4, 0/40 HPs)
             Began as a Draconian Fighter on June 14, 2022.
             Killed by divine providence
             ... invoked by an orc priest
              (14 damage)
             ... on level 3 of the Dungeon.
             The game lasted 00:02:23 (1979 turns).

DocClef the Skirmisher (Draconian Fighter)          Turns: 1979, Time: 00:02:23

Health: 0/40       AC:  8    Str: 18    XL:     4   Next: 17%
Magic:  4/4        EV: 12    Int:  9    God:
Gold:   118        SH:  4    Dex: 12    Spells: 3/3 levels left

rFire   . . .      SeeInvis .   a - +1 long sword
rCold   . . .      Faith    .   b - +0 buckler
rNeg    . . .      Spirit   .   (body armour unavailable)
rPois   .          Reflect  .   (helmet restricted)
rElec   .          Harm     .   e - +0 cloak
rCorr   .          Rampage  .   d - +0 pair of gloves
Will    .....                   m - +0 pair of boots
Stlth   +.........              (no amulet)
HPRegen 0.13/turn               (no ring)
MPRegen 0.09/turn               (no ring)

@: no status effects
A: AC +5, unfitting armour, cold-blooded
a: no special abilities


You were on level 3 of the Dungeon.
You visited 1 branch of the dungeon, and saw 3 of its levels.

You collected 118 gold pieces.

Inventory:

Hand Weapons
 a - a +1 long sword (weapon)
Armour
 b - a +0 buckler (worn)
 d - a +0 pair of gloves (worn)
 e - a +0 cloak (worn)
 m - a +0 pair of boots (worn)
Jewellery
 j - a ring of fire
Potions
 c - a potion of might
 f - a potion of lignification {unknown}
 g - a potion of attraction {unknown}
 h - a potion of haste {unknown}
 i - a potion of heal wounds {unknown}


   Skills:
 + Level 4.1 Fighting
 + Level 2.9 Long Blades
 + Level 3.3 Dodging
 - Level 3.2 Shields


You had 3 spell levels left.
You didn't know any spells.
Your spell library contained the following spells:

 Spells                   Type           Power      Damage    Failure   Level
 Apportation              Tloc           0%         N/A       47%         1
 Alistair's Intoxication  Tmut/Pois      0%         N/A       100%        5


Dungeon Overview and Level Annotations

Branches:
Dungeon (3/15)

Altars:

Shops:
D:2 ?   D:3 ?


Innate Abilities, Weirdness & Mutations

Your plain brown scales are hard. (AC +5)
You cannot fit into any form of body armour.
You are cold-blooded and may be slowed by cold attacks.


Message History

No target in view!
No target in view!
No target in view!
No target in view!
No target in view!
No target in view!
No target in view!
No target in view!
No target in view!
No target in view!
j - a ring of fire An orc priest and a ball python come into view.
The orc priest shouts!
The ball python hisses angrily.
You hear a shout! x5
There are monsters nearby! 2 orcs come into view.
Found a ring mail.
The orc shouts! x2; You hear a shout!
An orc comes into view. It is wielding a +0 dagger.
An orc wizard comes into view. It is wielding a +0 dagger.
The orc wizard gestures wildly while chanting.
The orc wizard flickers and vanishes!
Deactivating autopickup; reactivate with Ctrl-A.
The orc priest calls down the wrath of Beogh upon you.
Beogh smites you!
The orc priest looks braver for a moment.
The ball python attacks as you move away!
The ball python barely misses you.
The orc priest invokes the aid of Beogh against you.
Beogh smites you! The ball python misses you.
You block the ball python's attack.
The ball python attacks as you move away!
The ball python closely misses you.
The ball python attacks as you move away!
The ball python completely misses you. You block the ball python's attack.
The ball python bites you but does no damage.
The ball python grabs you. The ball python constricts you.
You escape the ball python's grasp.
The orc priest calls down the wrath of Beogh upon you.
Beogh smites you!
You die...

#........## #####
#....>.... .....
#........# #
#........# ###
#........##########..
#........o.....o....†
#........##o#..o.....
#...........#####..†.
#...@.S..#### ##...
#÷<......# ###...
####.#..## #.....
#.#..## #..##..
#.#...# #.# #..
#.#.#.# #. #..
##.#.#.# # #..
#..#.#.# ###
#.##.#.##


You could see an orc priest, an orc and a ball python.

Vanquished Creatures
  A gnoll (D:1)
  2 adders
  2 dart slugs
  2 bats
  7 endoplasms
  2 giant cockroaches
  4 goblins
  2 hobgoblins
  2 jackals
  5 quokkas
  5 ball pythons
  4 frilled lizards
  4 kobolds
  3 rats (D:2)
45 creatures vanquished.

Notes
Turn   | Place    | Note
-------+----------+-------------------------------------------
     0 | D:1      | DocClef the Draconian Fighter began the quest for the Orb.
     0 | D:1      | Reached XP level 1. HP: 19/19 MP: 1/1
   202 | D:1      | Reached XP level 2. HP: 18/26 MP: 2/2
   610 | D:1      | Noticed an eye of devastation
   612 | D:1      | Found a faded altar of an unknown god.
   614 | D:1      | Noticed a great orb of eyes
   614 | D:1      | Noticed a great orb of eyes
   614 | D:1      | Noticed a shining eye
   624 | D:1      | Reached XP level 3. HP: 19/33 MP: 3/3
  1585 | D:2      | Reached skill level 4 in Fighting
  1617 | D:2      | Found Cytyu's Magic Scroll Shoppe.
  1779 | D:3      | Reached XP level 4. HP: 34/40 MP: 4/4
  1840 | D:3      | Found Oroecoon's Magic Scroll Shoppe.
  1979 | D:3      | Killed from afar by an orc priest

Illustrated notes

Levels and vault maps discovered:
D:1:      psy_arrival_conway, layout_basic,
          hellmonk_ecumenical_altar_watching_god
D:2:      layout_rooms, serial_shops, nicolae_shop_stone
D:3:      layout_rooms, serial_shops, shop

Skill      XL: |  1  2  3 |
---------------+----------+-----
Dodging        | 3 |  3.3
Fighting       | 4 |  4.1
Long Blades    | |  2.9
Shields        | |  3.2

Action                   |  1- 3 |  4- 6 || total
-------------------------+-------+-------++-------
Melee: Long sword        |    91 |    12 ||   103
       Tailslap          |     3 |       ||     3
  Use: Scroll            |     4 |       ||     4
 Stab: Sleeping          |     3 |       ||     3
Armor: Skin              |    27 |     5 ||    32
Dodge: Dodged            |    57 |    10 ||    67
Block: Buckler           |    19 |    10 ||    29

Table legend: (Time is in decaauts)
 A = Elapsed time spent in this place.
 B = Non-inter-level travel time spent in this place.
 C = Inter-level travel time spent in this place.
 D = Time resting spent in this place.
 E = Time spent auto-exploring this place.
 F = Levels seen in this place.
 G = Mean time per level.
                   A        B        C        D        E       F      G
               +--------+--------+--------+--------+--------+-----+--------+
         Total |   2020 |   1968 |     52 |     57 |   1551 |   3 |  673.3 |
       Dungeon |   2020 |   1968 |     52 |     57 |   1551 |   3 |  673.3 |
               +--------+--------+--------+--------+--------+-----+--------+

Top non-repeatable levels by time:
     D:1: 1144 daAuts
     D:2: 647 daAuts
     D:3: 229 daAuts
